 Dungeon Crawl Stone Soup version 0.18-a0-1560-ge216ca8 (webtiles) character file.

392 gorblad the Ruffian (level 6, -6/62 HPs)
             Began as a Troll Berserker on Mar 12, 2016.
             Was a Priest of Trog.
             Mangled by Duvessa
             ... wielding a +0 short sword
              (9 damage)
             ... on level 4 of the Dungeon.
             The game lasted 00:05:31 (2616 turns).

gorblad the Ruffian (Troll Berserker)               Turns: 2616, Time: 00:05:31

Health: -6/62      AC:  5    Str: 28    XL:     6   Next: 50%
Magic:  5/5        EV: 10    Int:  3    God:    Trog [***...]
Gold:   167        SH:  0    Dex:  9    Spells: 0 memorised, 5 levels left

rFire  . . .     SeeInvis .       - Unarmed
rCold  . . .     Gourm    +     a - +0 animal skin
rNeg   . . .     Faith    .     (no shield)
rPois  .         Spirit   .     (helmet restricted)
rElec  .         Dismiss  .     (no cloak)
rCorr  .         Reflect  .     (gloves unavailable)
SustAt .         Harm     .     (boots unavailable)
MR     .....                    o - amulet of regeneration
Stlth  +.........               (no ring)
                                (no ring)

@: not resistant to hostile enchantments, very unstealthy
A: unfitting armour, claws 3, fast metabolism 3, gourmand, regeneration 2,
shaggy fur 1, tough skin 2
a: Berserk, Trog's Hand, Burn Spellbooks, Renounce Religion


You were on level 4 of the Dungeon.
You worshipped Trog.
Trog was most pleased with you.
You were full.

You visited 1 branch of the dungeon, and saw 4 of its levels.

You collected 167 gold pieces.

Inventory:

Armour
 a - a +0 animal skin (worn)
Rods
 i - a +0 rod of inaccuracy (13/13)
   (You found it on level 2 of the Dungeon)
Jewellery
 h - an uncursed ring of ice {unknown}
 j - a +4 ring of strength {unknown}
 o - an amulet of regeneration (around neck)
Scrolls
 d - a scroll of magic mapping
 k - 2 scrolls of enchant weapon
Potions
 c - 2 potions of flight
 e - 3 potions of heal wounds {unknown}
 g - 3 potions of curing {unknown}
 m - 2 potions of berserk rage {unknown}
 n - a potion of resistance {unknown}
 q - a potion of cancellation {unknown}
Comestibles
 b - 5 bread rations
 f - 2 fruits
 l - a beef jerky


   Skills:
 + Level 4.1 Fighting
 + Level 4.1 Dodging
 + Level 4.7 Unarmed Combat


You had 5 spell levels left.
You didn't know any spells.

Dungeon Overview and Level Annotations

Branches:
Dungeon (4/15)
 Temple: D:4-7

Altars:
Yredelemnul
Zin

Annotations:
D:4 Duvessa


Innate Abilities, Weirdness & Mutations

You are too large for most types of armour.
You have claws for hands.
Your metabolism is lightning-fast.
You like to eat raw meat.
You heal very quickly.
You are covered in fur (AC +1).
You have very tough skin (AC +2).


Message History

Duvessa hits you with a short sword.
* * * LOW HITPOINT WARNING * * *
Duvessa hits you but does no damage.
You are too injured to fight recklessly!
You are too injured to fight recklessly!
You barely miss Duvessa.
Duvessa is moderately wounded.
Duvessa hits you with a short sword!
* * * LOW HITPOINT WARNING * * *
You scratch Duvessa but do no damage.
Duvessa is moderately wounded.
Duvessa barely misses you.
Drink which item? (? for menu, Esc to quit)
Okay, then.
You closely miss Duvessa.
Duvessa is moderately wounded.
Duvessa hits you with a short sword.
* * * LOW HITPOINT WARNING * * *
Duvessa hits you with a short sword!
You die...

#.........#######
##...............#
.................
#........#....
#..........#
#.##.......#
#.##.....!.###
####.#####......###
......##.>...##.@e#
..............###)#
...............#
...
...............#
...#
.....<.........#
##...
.............<.#
......
...............#..
....
...(..............
....
..............##
...


You could see Duvessa (berserk).

Vanquished Creatures
  A human (D:3)
  Dowan (D:4)
  An orc priest (D:3)
  A human skeleton (D:3)
  2 worker ants
  2 adders
  A worm (D:2)
  4 dart slugs (D:1)
  2 giant geckos
  6 orcs (D:3)
  3 giant cockroaches
  8 hobgoblins
  2 jackals (D:1)
  3 bats
  A giant newt (D:1)
  9 goblins
  A goblin skeleton (D:3)
  11 kobolds
  A kobold zombie (D:3)
  7 rats
67 creatures vanquished.

Notes
Turn   | Place    | Note
--------------------------------------------------------------
     0 | D:1      | gorblad the Troll Berserker began the quest for the Orb.
     0 | D:1      | Reached XP level 1. HP: 22/22 MP: 0/0
   131 | D:1      | Reached XP level 2. HP: 29/29 MP: 1/1
   588 | D:1      | Reached ** piety under Trog
   595 | D:1      | Reached XP level 3. HP: 36/36 MP: 2/2
  1733 | D:3      | Noticed a human
  1734 | D:3      | Found a runed door.
  1736 | D:3      | Found a basalt altar of Yredelemnul.
  1749 | D:3      | Reached XP level 4. HP: 45/45 MP: 3/3
  1846 | D:3      | Killed a human
  1846 | D:3      | Reached XP level 5. HP: 37/54 MP: 4/4
  1973 | D:3      | Reached XP level 6. HP: 62/62 MP: 5/5
  2342 | D:3      | Found a glowing silver altar of Zin.
  2368 | D:3      | Reached *** piety under Trog
  2598 | D:4      | Noticed Dowan
  2601 | D:4      | Noticed Duvessa
  2611 | D:4      | Killed Dowan
  2616 | D:4      | HP: 3/62 [Duvessa/short sword (6)]
  2616 | D:4      | Mangled by Duvessa

Vault maps used:
D:1:      saegor_arrival_miasma, minmay_quantized
D:2:      amethyst_killhole, small_statue_intersection, minmay_misc_feat_tiny,
          minmay_misc_feat_columns
D:3:      overflow_temple_1_default, dk_yredelemnul_ordeal
D:4:      first_bread, st_stairs_6, minmay_misc_feat_rows, minmay_cut_off,
          uniq_duvessa

Skill      XL: |  1  2  3  4  5  6 |
---------------+-------------------+-----
Fighting       | 3 4 |  4.1
Dodging        | 3 4 |  4.1
Unarmed Combat | 4 |  4.7

Action                   |  1- 3 |  4- 6 || total
-------------------------+-------+-------++-------
Melee: Unarmed           |   111 |    79 ||   190
Invok: Burn Spellbooks   |       |     1 ||     1
  Use: Scroll            |     8 |     1 ||     9
  Eat: Chunk             |    20 |     7 ||    27
